Map: Troizinia LE

Players

Meyachev - Winner!

  • Race: Terran Terran
  • Spawn Location: 12:00

Moebius - Winner!

  • Race: Protoss Protoss
  • Spawn Location: 11:00

Infamous - Winner!

  • Race: Protoss Protoss
  • League: Silver
  • Spawn Location: 11:00

seifador - Winner!

  • Race: Protoss Protoss
  • Spawn Location: 9:00

ToNyMoNtAnA

  • Race: Protoss Protoss
  • Spawn Location: 3:00

CurlyShort

  • Race: Protoss Protoss
  • Spawn Location: 6:00

LAGGYNOOB

  • Race: Zerg Zerg
  • Spawn Location: 5:00

Computer

  • Race: Protoss Protoss
  • Spawn Location: 5:00

VOD

Have the link to the VOD?

Description

Time

  • Played on: March 25, 2018, 4:14 p.m.
  • Length: 15:03
Show
View Real Time Build Order
Export as new Build Order

Meyachev Terran - Winner!

Build Orders:  

Get SALT Encoding   

  12  0:07  SCV  
  13  0:19  SCV  
  14  0:31  SCV  
  15  0:47  Supply Depot  
  15  1:09  SCV  
  15  1:10  Supply Depot  
  16  1:21  SCV  
  17  1:32  Supply Depot, Refinery  
  17  1:43  SCV  
  18  1:58  Refinery  
  18  2:13  Supply Depot  
  18  2:21  SCV  
  19  2:33  SCV  
  20  2:37  Supply Depot  
  20  2:45  SCV  
  21  3:02  Barracks  
Show
View Real Time Build Order
Export as new Build Order

Moebius Protoss - Winner!

Build Orders:  

Get SALT Encoding   

  12  0:01  Probe (Chrono Boost)  
  13  0:19  Pylon  
  13  0:21  Probe  
  14  0:34  Assimilator  
  14  0:41  Gateway  
  14  0:42  Probe  
  15  0:54  Probe  
  16  0:59  Pylon  
  16  1:07  Assimilator  
  16  1:08  Probe (Chrono Boost)  
  18  1:18  Probe (Chrono Boost)  
  18  1:23  Probe (Chrono Boost)  
  19  1:27  Forge  
  19  1:35  Pylon, Probe  
  20  1:48  Probe  
  21  2:00  Probe (Chrono Boost)  
  22  2:11  Probe (Chrono Boost)  
  22  2:13  Cybernetics Core  
  23  2:17  Probe (Chrono Boost), Pylon  
  24  2:32  Photon Cannon  
  24  2:36  Photon Cannon  
  24  2:38  Probe  
  25  2:50  Probe  
  26  3:02  Probe  
  26  3:03  Stargate  
  26  3:05  Stargate  
  27  3:09  Pylon  
  27  3:13  Pylon  
  27  3:16  Stargate  
  27  3:18  Stargate  
  27  3:23  Robotics Facility  
  27  3:24  Probe (Chrono Boost)  
  27  3:25  Pylon  
  28  3:36  Probe (Chrono Boost)  
  29  3:45  Probe (Chrono Boost)  
  30  3:50  Void Ray (Chrono Boost), Nexus  
  30  3:51  Probe  
  30  3:52  Void Ray (Chrono Boost)  
  39  4:03  Probe  
  40  4:12  Stargate  
  40  4:14  Stargate  
  40  4:23  Void Ray (Chrono Boost)  
  44  4:28  Void Ray (Chrono Boost)  
  49  4:38  Observer  
  49  5:07  Assimilator  
  49  5:10  Protoss Air Weapons Level 1  
  49  5:11  Assimilator  
  49  5:12  Pylon  
  49  5:15  Pylon  
  49  5:18  Pylon  
  49  5:25  Pylon  
  49  5:27  Pylon  
  49  5:37  Pylon x2  
  49  5:43  Fleet Beacon  
  49  5:45  Probe (Chrono Boost)  
  50  5:51  Void Ray (Chrono Boost)  
  50  5:55  Probe (Chrono Boost)  
  59  5:59  Probe (Chrono Boost)  
  59  6:00  Void Ray (Chrono Boost)  
  60  6:11  Probe  
  61  6:19  Carrier  
  61  6:23  Probe  
  62  6:30  Carrier  
  74  6:35  Probe (Chrono Boost)  
  74  6:39  Carrier  
  75  6:46  Probe (Chrono Boost)  
  76  6:51  Probe (Chrono Boost)  
  83  6:57  Anion Pulse-Crystals (Chrono Boost)  
  83  7:01  Probe  
  83  7:04  Protoss Air Armor Level 1  
  84  7:11  Observer  
  84  7:13  Probe  
  86  7:25  Carrier  
  92  7:33  Observer  
  92  7:36  Probe  
  94  7:48  Probe  
  95  8:00  Probe, Mothership (Chrono Boost)  
  95  8:03  Nexus  
  104  8:09  Carrier (Chrono Boost)  
  111  8:14  Probe (Chrono Boost)  
  111  8:16  Graviton Catapult  
  112  8:30  Probe (Chrono Boost)  
  112  8:33  Assimilator  
  112  8:37  Assimilator  
  112  8:41  Pylon  
  112  8:46  Pylon  
  112  8:49  Carrier (Chrono Boost)  
  118  9:01  Protoss Shields Level 1  
  118  9:16  Probe  
  119  9:21  Carrier (Chrono Boost)  
  125  9:26  Carrier (Chrono Boost)  
  125  9:28  Probe  
  132  9:40  Probe  
  133  9:52  Probe  
  134  9:59  Carrier x2  
  146  10:04  Probe  
  146  10:06  Pylon x2  
  147  10:12  Pylon  
  147  10:13  Pylon  
  153  10:15  Pylon  
  153  10:52  Carrier  
  147  12:20  Pylon  
  147  12:21  Pylon  
  147  12:22  Pylon  
  147  12:25  Pylon  
  147  12:31  Pylon  
  147  12:32  Pylon  
  147  12:33  Pylon  
  147  12:35  Pylon  
  135  12:39  Stargate x2  
  135  12:42  Stargate  
  135  12:53  Pylon x2  
  135  12:55  Pylon  
  135  12:57  Pylon  
  117  14:25  Nexus  
  111  14:37  Pylon  
  111  14:38  Pylon, Nexus  
  111  14:40  Pylon  
  111  14:43  Stargate x2  
Show
View Real Time Build Order
Export as new Build Order

Infamous Protoss - Winner!

Build Orders:  

Get SALT Encoding   

  12  0:02  Probe  
  13  0:14  Probe  
  13  0:18  Pylon  
  14  0:29  Probe  
  16  0:42  Probe (Chrono Boost)  
  16  0:47  Forge  
  16  0:55  Probe (Chrono Boost)  
  17  1:03  Probe (Chrono Boost)  
  17  1:07  Assimilator  
  17  1:08  Pylon  
  18  1:14  Probe (Chrono Boost)  
  19  1:22  Probe (Chrono Boost)  
  20  1:36  Pylon  
  20  1:39  Gateway  
  20  1:47  Photon Cannon  
  20  1:50  Pylon  
  20  1:54  Photon Cannon  
  20  1:57  Probe (Chrono Boost)  
  21  2:07  Assimilator  
  21  2:13  Pylon  
  21  2:24  Photon Cannon  
  21  2:30  Pylon  
  21  2:38  Probe  
  21  2:39  Zealot  
  24  2:47  Gateway  
  24  2:50  Probe  
  25  2:55  Pylon  
  25  3:02  Pylon  
  25  3:04  Pylon  
  25  3:09  Probe  
  26  3:14  Cybernetics Core  
  26  3:21  Probe  
  26  3:22  Gateway  
  26  3:24  Photon Cannon  
  26  3:25  Gateway  
  26  3:26  Photon Cannon  
  27  3:28  Pylon  
  27  3:30  Photon Cannon  
  27  3:33  Probe  
  28  3:37  Photon Cannon  
  28  3:39  Pylon  
  28  3:42  Protoss Ground Armor Level 1 (Chrono Boost)  
  28  3:45  Probe  
  29  3:50  Warp Gate  
  29  3:54  Pylon  
  29  4:00  Photon Cannon  
  29  4:02  Photon Cannon  
  29  4:04  Photon Cannon  
  29  4:06  Photon Cannon  
  29  4:08  Photon Cannon  
  29  4:10  Photon Cannon  
  29  4:12  Cybernetics Core  
  29  4:15  Pylon  
  29  4:19  Pylon  
  29  4:25  Pylon  
  29  4:33  Pylon  
  29  4:36  Photon Cannon  
  29  4:38  Photon Cannon  
  29  4:39  Probe  
  29  4:44  Robotics Facility  
  30  4:51  Probe  
  31  4:54  Pylon  
  31  4:58  Pylon  
  31  5:01  Pylon  
  31  5:03  Probe  
  32  5:12  Photon Cannon  
  32  5:15  Photon Cannon  
  32  5:16  Probe  
  32  5:17  Photon Cannon  
  32  5:21  Pylon  
  33  5:24  Pylon  
  33  5:26  Pylon  
  33  5:28  Pylon  
  33  5:34  Pylon  
  33  5:37  Warp Prism  
  35  5:44  Robotics Bay  
  35  5:55  Robotics Facility  
  35  5:56  Photon Cannon  
  35  5:58  Pylon  
  35  6:00  Pylon, Photon Cannon  
  35  6:03  Photon Cannon  
  35  6:09  Photon Cannon  
  35  6:14  Observer  
  36  6:25  Probe  
  37  6:37  Probe  
  37  6:39  Disruptor (Chrono Boost)  
  41  6:50  Pylon  
  41  6:52  Pylon  
  41  6:53  Pylon  
  41  6:54  Pylon  
  41  6:57  Photon Cannon  
  41  7:09  Pylon  
  41  7:12  Pylon  
  41  7:14  Pylon  
  41  7:35  Nexus  
  41  7:45  Photon Cannon  
  41  7:47  Photon Cannon  
  41  7:50  Photon Cannon  
  41  8:33  Disruptor  
  44  8:36  Warp Prism  
  46  9:01  Probe  
  47  9:13  Probe  
  48  9:20  Assimilator  
  48  9:21  Nexus  
  48  9:26  Assimilator  
  48  9:44  Probe (Chrono Boost)  
  48  9:45  Photon Cannon  
  49  9:55  Probe (Chrono Boost)  
  49  9:59  Probe (Chrono Boost)  
  51  10:11  Probe  
  52  10:26  Probe  
  53  10:39  Probe  
  54  10:51  Probe  
  52  11:25  Stalker x3  
  58  11:34  Pylon  
  58  11:39  Pylon  
  58  11:41  Pylon  
  58  11:44  Protoss Ground Weapons Level 1  
  58  11:46  Probe, Photon Cannon  
  59  11:48  Photon Cannon  
  59  11:49  Photon Cannon  
  59  11:54  Photon Cannon  
  59  11:57  Photon Cannon  
  59  11:58  Probe, Photon Cannon  
  59  11:59  Photon Cannon  
  60  12:03  Photon Cannon  
  60  12:10  Probe  
  60  12:22  Probe  
  61  12:37  Probe  
  62  12:48  Probe (Chrono Boost)  
  64  12:53  Probe (Chrono Boost)  
  64  12:55  Probe (Chrono Boost), Assimilator  
  66  12:58  Probe (Chrono Boost)  
  66  12:59  Assimilator  
  66  13:01  Probe (Chrono Boost)  
  66  13:04  Probe x2 (Chrono Boost)  
  69  13:06  Probe (Chrono Boost)  
  70  13:39  Probe  
  71  13:42  Probe x2  
  73  13:51  Probe  
  73  13:54  Probe  
  75  13:56  Gateway  
  75  14:00  Gateway  
  75  14:02  Gateway  
  75  14:04  Gateway  
  75  14:09  Gateway  
  75  14:11  Twilight Council  
  75  14:14  Gateway  
  75  14:15  Probe, Gateway  
  75  14:16  Probe x2  
  78  14:28  Probe x2  
Show
View Real Time Build Order
Export as new Build Order

seifador Protoss - Winner!

Build Orders:  

Get SALT Encoding   

  12  0:03  Probe  
  13  0:15  Probe  
  13  0:21  Pylon  
  14  0:27  Probe  
  15  0:38  Assimilator  
  15  0:39  Probe  
  16  0:49  Forge  
  16  0:52  Probe  
  17  1:04  Probe  
  18  1:16  Probe  
  18  1:18  Pylon  
  19  1:23  Pylon  
  19  1:29  Assimilator  
  19  1:33  Probe  
  20  1:45  Probe  
  20  1:46  Photon Cannon  
  21  1:57  Probe, Photon Cannon  
  22  2:09  Probe  
  22  2:10  Photon Cannon  
  23  2:20  Photon Cannon  
  23  2:28  Photon Cannon  
Show
View Real Time Build Order
Export as new Build Order

ToNyMoNtAnA Protoss 

Build Orders: Nexus First 

Get SALT Encoding   

  12  0:38  Nexus  
  12  0:53  Pylon  
  12  0:55  Probe (Chrono Boost)  
  14  1:04  Probe (Chrono Boost)  
  14  1:11  Probe (Chrono Boost)  
  15  1:20  Probe (Chrono Boost)  
  16  1:25  Probe (Chrono Boost)  
  16  1:31  Gateway  
  17  1:34  Gateway  
  17  1:37  Probe  
  18  1:48  Gateway  
  19  1:54  Probe (Chrono Boost)  
  19  1:55  Probe (Chrono Boost)  
  20  2:04  Probe (Chrono Boost)  
  20  2:06  Probe (Chrono Boost)  
  22  2:23  Pylon  
  22  2:24  Probe  
  23  2:30  Zealot  
  23  2:31  Zealot  
  23  2:37  Probe  
  28  2:43  Forge  
  28  2:49  Probe  
  29  3:01  Probe  
  28  4:57  Assimilator  
  28  5:01  Assimilator  
  28  5:13  Nexus  
  28  5:15  Assimilator  
  28  5:20  Assimilator  
  28  5:32  Nexus  
  28  5:35  Assimilator  
  28  5:40  Assimilator  
  28  6:41  Probe  
  29  6:49  Probe  
  30  6:58  Probe  
  31  7:10  Probe  
  32  7:22  Probe  
  33  7:39  Probe  
  34  7:51  Probe  
  35  8:03  Probe  
  36  8:15  Probe  
  37  8:27  Probe  
Show
View Real Time Build Order
Export as new Build Order

CurlyShort Protoss 

Build Orders: Cannon Rush 

Get SALT Encoding   

  12  0:02  Probe (Chrono Boost)  
  13  0:17  Probe (Chrono Boost)  
  13  0:20  Pylon  
  14  0:31  Probe  
  15  0:43  Probe  
  15  0:45  Forge  
  16  0:55  Probe  
  17  1:08  Probe  
  18  1:20  Probe  
  18  1:22  Photon Cannon  
  18  1:24  Photon Cannon  
  19  1:27  Pylon  
  19  1:32  Probe  
  20  1:37  Pylon  
  20  1:44  Probe  
  20  1:47  Gateway  
  21  1:54  Photon Cannon  
  21  2:04  Photon Cannon  
  21  2:15  Photon Cannon  
  21  2:26  Probe  
  22  2:33  Pylon  
  22  2:38  Probe  
  23  2:50  Probe  
  24  3:02  Probe  
  24  11:04  Protoss Ground Armor Level 1  
  24  12:58  Protoss Ground Weapons Level 1  
Show
View Real Time Build Order
Export as new Build Order

LAGGYNOOB Zerg 

Build Orders: Hatch First 

Get SALT Encoding   

  12  0:08  Drone x2  
  14  0:52  Hatchery  
  14  0:55  Spawning Pool  
  13  0:57  Drone  
  13  0:59  Drone  
  14  1:13  Overlord  
  14  1:26  Extractor  
  14  1:28  Drone  
  14  1:33  Drone  
  15  2:05  Drone  
  16  2:24  Spine Crawler  
  14  5:07  Extractor  
Show
View Real Time Build Order
Export as new Build Order

Computer Protoss 

Build Orders:  

Get SALT Encoding   

  12  4:18  Probe (Chrono Boost)  
  13  4:28  Probe (Chrono Boost)  
  13  4:29  Pylon  
  14  4:31  Pylon  
  14  4:33  Probe (Chrono Boost), Pylon  
  14  4:35  Pylon  
  15  4:47  Probe  
  15  4:48  Assimilator  
  16  4:53  Assimilator  
  16  5:28  Gateway  
  16  5:30  Gateway  
  16  5:32  Gateway  
  16  5:33  Gateway  
  16  5:35  Gateway  
  16  5:37  Gateway  
  16  5:38  Probe (Chrono Boost)  
  16  5:39  Gateway  
  17  5:44  Pylon  
  17  5:45  Pylon x2  
  17  5:47  Pylon  
  17  5:48  Probe (Chrono Boost), Forge  
  17  5:49  Pylon  
  18  5:51  Pylon  
  18  5:53  Probe (Chrono Boost), Forge  
  19  6:04  Probe  
  19  6:09  Gateway  
  19  6:10  Gateway  
  20  6:12  Gateway  
  20  6:14  Gateway  
  20  6:15  Gateway  
  20  6:16  Probe  
  21  6:23  Zealot  
  21  6:24  Protoss Shields Level 1, Zealot x5  
  33  6:29  Protoss Ground Weapons Level 1  
  33  6:35  Nexus  
  33  6:39  Cybernetics Core, Assimilator  
  33  6:42  Assimilator  
  33  6:50  Zealot  
  33  6:51  Zealot x5  
  45  6:55  Pylon  
  45  6:57  Pylon  
  45  6:58  Zealot x3  
  45  6:59  Zealot  
  45  7:00  Pylon x2  
  53  7:04  Zealot  
  53  7:05  Zealot  
  57  7:13  Pylon  
  57  7:15  Pylon  
  57  7:16  Warp Gate (Chrono Boost)  
  57  7:17  Pylon  
  57  7:18  Zealot x6  
  57  7:20  Pylon  
  69  7:25  Zealot x3  
  69  7:29  Twilight Council  
  75  7:33  Robotics Facility  
  75  7:36  Robotics Facility  
  75  7:38  Robotics Facility  
  75  7:48  Stalker  
  75  7:49  Stalker x6  
  75  7:50  Stalker, Zealot  
  93  7:52  Zealot x2  
  93  7:53  Zealot  
  99  8:08  Pylon, Charge (Chrono Boost)  
  99  8:10  Pylon  
  99  8:12  Pylon  
  99  8:13  Protoss Ground Armor Level 1 (Chrono Boost)  
  99  8:14  Pylon  
  99  8:16  Pylon  
  99  8:17  Zealot  
  99  8:18  Zealot  
  99  8:19  Stalker x3, Zealot x4  
  117  8:30  Stalker x3  
  123  8:35  Immortal  
  131  8:41  Immortal x2  
  131  8:44  Stalker  
  131  8:45  Stalker  
  131  8:46  Stalker x3  
  145  8:49  Probe  
  144  9:01  Probe  
  145  9:10  Pylon  
  145  9:11  Photon Cannon  
  145  9:13  Probe, Photon Cannon  
  145  9:15  Immortal  
  150  9:17  Photon Cannon  
  150  9:20  Immortal  
  150  9:21  Photon Cannon  
  152  9:28  Photon Cannon  
  152  9:33  Photon Cannon  
  152  9:35  Photon Cannon  
  152  9:48  Probe (Chrono Boost)  
  151  9:58  Probe (Chrono Boost), Protoss Ground Weapons Level 2 (Chrono Boost)  
  150  10:03  Probe (Chrono Boost)  
  150  10:06  Protoss Shields Level 2 (Chrono Boost), Stalker x3  
  150  10:07  Stalker x5  
  159  10:08  Stalker x3  
  167  10:31  Stalker x6  
  167  10:32  Stalker x4  
  167  10:33  Stalker  
  97  10:58  Zealot x4  
  97  10:59  Zealot x6  
  97  11:00  Zealot  
  103  11:25  Zealot x3  
  105  11:26  Zealot x6  
  105  11:27  Zealot x2  
  91  11:53  Stalker x2  
  91  11:54  Stalker x2  
  81  11:55  Stalker x2  
  81  11:56  Stalker x2  
  81  11:57  Gateway, Stalker x3  
  81  11:59  Gateway  
  81  12:02  Gateway  
  81  12:04  Gateway  
  71  12:08  Gateway  
  71  12:13  Protoss Ground Armor Level 2  
  71  12:14  Gateway  
  39  12:35  Stalker x2  
  39  12:36  Stalker x3  
  47  12:37  Stalker x2  
  47  12:38  Stalker  
  47  12:40  Stalker x2  
  57  12:55  Stalker  
  59  13:05  Probe (Chrono Boost)  
  59  13:07  Pylon  
  59  13:09  Pylon  
  59  13:10  Pylon  
  59  13:12  Pylon  
  60  13:14  Stalker x4  
  60  13:15  Stalker x2  
  60  13:16  Probe (Chrono Boost), Stalker x3  
  38  13:38  Stalker x2  
  38  13:39  Stalker x2  
  38  13:40  Stalker x4  
  38  13:41  Stalker x4  
  56  13:42  Stalker x2  
  18  14:06  Stalker x2  
  18  14:07  Stalker x4  
  18  14:08  Stalker  
  18  14:09  Stalker  
  32  14:10  Stalker x3  
  38  14:31  Stalker x4  
  36  14:32  Stalker x3  
  36  14:33  Stalker x2  
  40  14:51  Stalker  
  40  14:52  Stalker  
Tags
 
Add a new tag
Caveats
  • Supply blocks, unpowered buildings, or Contaminate may cause inaccurate times.
  • Supply counts are checked every 10 seconds.